 Dungeon Crawl Stone Soup version 0.28-a0-1087-gf3fc490d9d (webtiles) character file.

Game seed: 4577254300470387653

4 ders the Caller (level 1, 0/7 HPs)
             Began as a Felid Summoner on Dec 11, 2021.
             Slain by a jackal (1 damage)
             ... on level 1 of the Dungeon.
             The game lasted 00:00:22 (167 turns).

ders the Caller (Felid Summoner)                     Turns: 167, Time: 00:00:23

Health: 0/7        AC:  1    Str:  4    XL:     1   Next: 50%
Magic:  1/4        EV: 17    Int: 16    God:
Gold:   46         SH:  0    Dex: 16    Spells: 3/4 levels left
                                        Lives:  0   Deaths: 0

rFire   . . .      SeeInvis +   (weapon unavailable)
rCold   . . .      Faith    .   (shield unavailable)
rNeg    . . .      Spirit   .   (armour unavailable)
rPois   .          Reflect  .   (helmet unavailable)
rElec   .          Harm     .   (cloak unavailable)
rCorr   .          Rampage  .   (gloves unavailable)
Will    .....                   (boots unavailable)
Stlth   ++........              (no amulet)
HPRegen 0.02/turn               (no ring)
MPRegen 0.09/turn               (no ring)

@: quick
A: very small, claws 1, fangs 3, see invisible, speed 1, shaggy fur 1, stealthy
paws, no weapons or thrown items, no armour, multi-lived
a: no special abilities


You were on level 1 of the Dungeon.
You visited 1 branch of the dungeon, and saw 1 of its levels.

You collected 46 gold pieces.

You aren't carrying anything.


   Skills:
 + Level 2.8 Dodging
 - Level 2.6 Stealth
 + Level 2.1 Spellcasting
 + Level 4.0 Summonings


You had 3 spell levels left.
You knew the following spells:

 Your Spells              Type           Power      Damage    Failure   Level
a - Summon Small Mammal   Summ           56%        N/A       3%          1

Your spell library contained the following spells:

 Spells                   Type           Power      Damage    Failure   Level
 Call Imp                 Summ           14%        N/A       6%          2
 Call Canine Familiar     Summ           14%        N/A       12%         3
 Summon Guardian Golem    Hex/Summ       8%         N/A       26%         3
 Summon Lightning Spire   Summ/Air       8%         N/A       65%         4


Dungeon Overview and Level Annotations

Branches:
Dungeon (1/15)

Altars:


Innate Abilities, Weirdness & Mutations

You have sharp claws.
You have razor-sharp teeth.
You have supernaturally acute eyesight. (SInv)
You cover ground quickly. (Speed+)
You are covered in fur. (AC +1)
Your paws help you pounce on unaware monsters.
You are incapable of wielding weapons or throwing items.
You cannot wear armour.
You gain extra lives every three experience levels.


Message History

Your rat bites the ball python.
The ball python dies!
You swap places.
Something bites your rat.
Your rat dies!
Your rat's corpse disappears in a puff of smoke!
Found 22 stones.
Your bat hits the jackal.
Found 21 stones.
Your bat closely misses the jackal.
Your bat barely misses the jackal.
The hobgoblin closely misses your bat.
You closely miss the jackal. Your bat hits the jackal.
The jackal barely misses you.
Your bat misses the jackal. You scratch the jackal.
The jackal is almost dead.
The jackal misses you. x2; The jackal closely misses you.
You scratch the jackal.
You kill the jackal!
Your bat hits the jackal but does no damage.
The jackal barely misses you. x2; The hobgoblin closely misses your bat.
Your bat barely misses the hobgoblin.
The jackal misses you.
Your bat hits the jackal but does no damage.
You scratch the jackal.
The jackal is moderately wounded.
Your bat barely misses the jackal.
The jackal misses you.
Your bat closely misses the hobgoblin.
The jackal completely misses you. The jackal bites you.
You scratch the jackal.
The jackal is almost dead.
Your bat misses the jackal.
Your bat hits the jackal but does no damage.
The jackal closely misses you. The jackal bites you.
Your bat barely misses the jackal.
The hobgoblin barely misses you.
You completely miss the jackal.
The jackal is almost dead.
Your bat closely misses the jackal.
The jackal barely misses you. x2
The jackal bites you.
* * * LOW HITPOINT WARNING * * *
The jackal bites you.
* * * LOW HITPOINT WARNING * * *
Your bat barely misses the hobgoblin.
The jackal bites you.
You die...

##..#♣...♣#....................
##..#P♣.♣P##.........##..#....
##..##P.P#####........†........
#..#P#<#P# #.........########
##..##.♣.#####.........#
.....#♣#♣#.........b...#
##.#.## #.###.(.g.....# #.#..#
##.###...hh....##
#.##.###.......@.........
#.##.#[...###............
#.##...##.# #.........(...
#.#######.# #########(#### #..
... ... #.## ... ... .. ..# .#


You could see 2 jackals, a hobgoblin and a friendly bat (summoned).

Vanquished Creatures
  A jackal (D:1)
1 creature vanquished.

Vanquished Creatures (collateral kills)
  A ball python (D:1)
  An endoplasm (D:1)
2 creatures vanquished.

Grand Total: 3 creatures vanquished

Notes
Turn   | Place    | Note
-------+----------+-------------------------------------------
     0 | D:1      | ders the Felid Summoner began the quest for the Orb.
     0 | D:1      | Reached XP level 1. HP: 7/7 MP: 4/4
   167 | D:1      | Slain by a jackal

Illustrated notes

Levels and vault maps discovered:
D:1:      tarquinn_simple_flora_water_d, layout_basic,
          nicolae_ecumenical_lake_church, serial_shops,
          nicolae_shop_behind_doors, minmay_lizard_king

Action                   || total
-------------------------++-------
Melee: Unarmed           ||     6
 Cast: Summon Small Mamm ||     7
Dodge: Dodged            ||    15

Table legend: (Time is in decaauts)
 A = Elapsed time spent in this place.
 B = Non-inter-level travel time spent in this place.
 C = Inter-level travel time spent in this place.
 D = Time resting spent in this place.
 E = Time spent auto-exploring this place.
 F = Levels seen in this place.
 G = Mean time per level.
                   A        B        C        D        E       F      G
               +--------+--------+--------+--------+--------+-----+--------+
         Total |    144 |    144 |      0 |      0 |    103 |   1 |  144.0 |
       Dungeon |    144 |    144 |      0 |      0 |    103 |   1 |  144.0 |
               +--------+--------+--------+--------+--------+-----+--------+

Top non-repeatable levels by time:
     D:1: 144 daAuts
